Map: Rifts to Korhal

Players

MattBarry

  • Race: Zerg Zerg

Alebay

  • Race: Protoss Protoss
  • Spawn Location: 7:00

VOD

Have the link to the VOD?

Description

Time

  • Played on: Jan. 3, 2023, 7:06 p.m.
  • Length: 26:49
Show
View Real Time Build Order
Export as new Build Order

MattBarry Zerg 

Build Orders:  

Get SALT Encoding   

  18  0:03  Primal Drone  
  19  0:12  Primal Drone  
  20  0:29  Primal Drone  
  21  0:45  Primal Warden  
  22  0:52  Extractor  
  22  1:17  Primal Drone  
  22  1:18  Primal Drone  
  22  1:19  Primal Drone  
  25  1:27  Extractor  
  25  1:35  Primal Drone x2  
  27  1:44  Primal Drone  
  28  2:15  Glevig's Den  
  27  2:27  Primal Drone  
  27  2:28  Primal Drone x2  
  30  2:33  Primal Zergling  
  30  2:34  Primal Zergling x2  
  30  2:35  Primal Zergling  
  34  2:41  Primal Drone  
  35  2:57  Primal Drone, Primal Attacks Level 1  
  36  3:39  Primal Drone  
  37  3:40  Primal Drone  
  38  3:51  Murvar's Den  
  38  3:59  Primal Warden  
  38  4:05  Primal Warden  
  44  4:42  Primal Hive  
  44  4:52  Primal Drone x2  
  44  4:53  Primal Drone  
  47  5:08  Primal Drone  
  47  5:09  Primal Drone x2  
  50  5:23  Primal Roach x2  
  54  5:37  Glial Reconstitution  
  53  6:11  Dakrun's Den  
  53  6:16  Primal Swarm Host x2  
  58  6:35  Primal Drone x5  
  63  6:43  Primal Drone  
  63  6:44  Primal Drone x3  
  67  6:55  Primal Carapace Level 1  
  67  7:06  Primal Swarm Host  
  69  8:10  Primal Swarm Host x2  
  76  8:25  Primal Warden x2  
  76  8:27  Primal Warden, Primal Drone x3  
  76  8:28  Primal Drone x2  
  76  8:29  Extractor  
  84  8:31  Primal Warden  
  84  8:32  Extractor  
  66  9:35  Primal Attacks Level 2  
  63  10:15  Primal Drone x3  
  63  10:16  Primal Drone x2  
  63  10:17  Primal Drone x3  
  63  10:18  Primal Drone x2  
  73  10:59  Primal Ultralisk x3  
  91  11:13  Barrage of Spikes  
  91  11:33  Primal Carapace Level 2  
  91  11:37  Primal Drone  
  91  11:38  Primal Drone x9  
  101  12:05  Primal Ultralisk  
  107  12:12  Healing Adaptation  
  104  12:27  Primal Ultralisk  
  107  13:21  Primal Ultralisk x2  
  119  14:11  Primal Hydralisk  
  119  14:12  Primal Hydralisk x8  
  134  15:02  Primal Ultralisk x2  
  146  15:53  Primal Ultralisk  
  146  15:54  Primal Ultralisk  
  155  16:21  Primal Ultralisk  
  161  16:52  Primal Attacks Level 3  
  149  17:44  Primal Ultralisk  
  149  17:45  Primal Ultralisk  
  158  18:23  Primal Ultralisk  
  164  18:44  Primal Zergling x5  
  164  18:45  Primal Zergling x9  
  164  18:46  Primal Zergling x3  
  164  18:47  Primal Zergling x18  
  199  19:19  Ravasaur  
  199  19:20  Ravasaur x4  
  199  19:21  Ravasaur x4  
  199  19:22  Ravasaur x3  
  199  19:23  Ravasaur x3  
  199  19:27  Primal Hydralisk x3  
  162  20:40  Primal Ultralisk  
  162  20:41  Primal Ultralisk  
  162  20:46  Primal Ultralisk x3  
  192  21:33  Primal Ultralisk  
  192  21:58  Primal Carapace Level 3  
  192  22:09  Brutal Charge  
  192  22:51  Primal Ultralisk  
  189  25:23  Primal Ultralisk x3  
  185  26:02  Primal Ultralisk x2  
Show
View Real Time Build Order
Export as new Build Order

Alebay Protoss 

Build Orders:  

Get SALT Encoding   

  12  0:03  Probe (Chrono Boost)  
  13  0:16  Probe (Chrono Boost)  
  14  0:30  Probe (Chrono Boost)  
  14  0:32  Pylon  
  15  0:42  Assimilator  
  15  0:56  Probe (Chrono Boost)  
  16  1:03  Gateway  
  16  1:10  Probe (Chrono Boost)  
  17  1:28  Probe (Chrono Boost)  
  18  1:39  Forge  
  18  1:42  Probe (Chrono Boost)  
  19  1:55  Probe (Chrono Boost)  
  20  2:03  Pylon  
  20  2:06  Sentinel  
  20  2:11  Probe (Chrono Boost)  
  23  2:28  Assimilator  
  24  2:30  Probe (Chrono Boost)  
  24  2:36  Gateway  
  24  2:50  Cybernetics Core  
  24  2:54  Probe (Chrono Boost)  
  25  3:11  Sentinel  
  27  3:22  Probe (Chrono Boost)  
  29  3:41  Probe (Chrono Boost)  
  29  3:45  Warp Gate  
  29  3:46  Sentinel  
  29  3:49  Protoss Ground Weapons Level 1  
  31  4:48  Pylon  
  31  4:55  Pylon  
  31  5:16  Probe (Chrono Boost)  
  32  5:24  Nexus  
  32  5:30  Sentinel  
  32  5:33  Probe (Chrono Boost)  
  35  6:05  Sentinel x2  
  39  6:19  Pylon  
  39  6:31  Sentinel  
  39  6:33  Sentinel  
  39  6:38  Protoss Ground Armor Level 1  
  43  6:45  Probe (Chrono Boost)  
  44  6:56  Solar Efficiency Level 1  
  44  7:02  Probe (Chrono Boost)  
  44  7:05  Twilight Council  
  45  7:13  Sentinel  
  47  7:22  Probe (Chrono Boost)  
  47  7:28  Probe (Chrono Boost)  
  49  7:36  Probe (Chrono Boost)  
  50  7:45  Probe (Chrono Boost)  
  48  7:50  Probe (Chrono Boost)  
  52  8:06  Probe (Chrono Boost)  
  54  8:10  Probe (Chrono Boost)  
  54  8:20  Probe (Chrono Boost)  
  54  8:24  Robotics Facility  
  54  8:27  Probe (Chrono Boost)  
  54  8:28  Robotics Facility  
  56  8:35  Sentinel x2  
  60  9:01  Assimilator  
  60  9:06  Pylon  
  58  9:10  Pylon  
  38  9:23  Sentinel x2  
  42  9:34  Gateway  
  42  9:39  Gateway  
  42  10:19  Solar Efficiency Level 2  
  42  10:33  Immortal x2  
  50  10:41  Probe (Chrono Boost)  
  50  10:45  Probe (Chrono Boost)  
  52  10:55  Probe (Chrono Boost)  
  52  10:57  Protoss Ground Weapons Level 2  
  54  11:02  Probe (Chrono Boost)  
  54  11:16  Probe (Chrono Boost)  
  54  11:19  Probe (Chrono Boost)  
  56  11:20  Sentinel  
  56  11:21  Sentinel  
  56  11:25  Sentinel  
  56  11:28  Immortal x2  
  56  11:29  Sentinel  
  66  12:15  Sentinel x2  
  70  12:23  Immortal x2  
  70  12:26  Probe (Chrono Boost)  
  70  12:29  Probe (Chrono Boost)  
  80  12:54  Energizer  
  82  13:05  Assimilator  
  82  13:06  Probe (Chrono Boost)  
  82  13:09  Probe (Chrono Boost)  
  84  13:19  Energizer  
  86  13:35  Pylon  
  86  13:37  Pylon  
  86  13:40  Pylon  
  86  13:42  Pylon  
  86  13:43  Pylon, Probe (Chrono Boost)  
  86  13:46  Probe (Chrono Boost)  
  86  13:57  Probe (Chrono Boost)  
  85  14:03  Probe (Chrono Boost)  
  85  14:07  Protoss Ground Armor Level 2  
  52  14:30  Energizer x3  
  52  14:39  Sentinel  
  60  14:47  Immortal  
  60  14:48  Energizer  
  64  14:51  Immortal  
  68  15:30  Sentinel  
  68  15:31  Sentinel  
  68  15:32  Sentinel x2  
  76  16:11  Sentinel x3  
  76  16:12  Sentinel  
  84  16:54  Sentinel x4  
  84  16:59  Immortal x2  
  100  17:24  Protoss Ground Weapons Level 3  
  98  17:45  Sentinel  
  98  17:46  Sentinel x3  
  106  17:54  Immortal x2  
  106  18:30  Pylon  
  106  18:35  Pylon  
  106  18:40  Pylon  
  106  18:43  Sentinel x4  
  106  18:49  Immortal x2  
  122  19:10  Charge  
  122  19:24  Energizer x3  
  122  19:25  Energizer  
  130  19:43  Immortal  
  130  19:44  Immortal  
  138  19:50  Pylon  
  138  19:57  Pylon  
  116  20:43  Energizer x4  
  124  21:04  Protoss Ground Armor Level 3  
  116  21:23  Sentinel x3  
  116  21:24  Sentinel  
  120  21:38  Gateway  
  120  21:41  Gateway  
  120  21:43  Gateway  
  120  21:52  Immortal x2  
  110  22:27  Sentinel  
  110  22:29  Sentinel  
  112  22:30  Sentinel x2  
  116  23:17  Sentinel  
  116  23:18  Sentinel x5  
  128  23:23  Pylon  
  128  23:28  Pylon  
  128  23:41  Immortal x2  
  136  24:02  Sentinel x2  
  136  24:03  Sentinel x5  
  148  24:36  Immortal x2  
  148  24:46  Sentinel x3  
  148  24:47  Sentinel x4  
  130  25:12  Sentinel  
  128  25:29  Sentinel x2  
  132  25:30  Sentinel x4  
  140  25:59  Sentinel x2  
  144  26:00  Sentinel x4  
  144  26:01  Sentinel  
Tags
 
Commander
DehakaKarax
Matchup
Co-op
Replay Pack
Multiplayer
Add a new tag
Caveats
  • Supply blocks, unpowered buildings, or Contaminate may cause inaccurate times.
  • Supply counts are checked every 10 seconds.